 Dungeon Crawl Stone Soup version 0.28.0 (webtiles) character file.

Game seed: 1442386727620526771

459 tizbic2 the Bolt Thrower (level 6, 0/46 HPs)
             Began as a Demigod Arcane Marksman on Feb 8, 2022.
             Slain by an ogre (4 damage)
             ... on level 4 of the Dungeon.
             The game lasted 00:21:36 (2922 turns).

tizbic2 the Bolt Thrower (Demigod Arcane Marksman)  Turns: 2922, Time: 00:21:37

Health: 0/46       AC: 13    Str: 17    XL:     6   Next: 48%
Magic:  7/13       EV: 11    Int: 15    God:
Gold:   88         SH:  0    Dex: 14    Spells: 6/10 levels left

rFire   . . .      SeeInvis .   w - +2 flail (protect)
rCold   . . .      Faith    .   (no shield)
rNeg    . . .      Spirit   .   d - +1 ring mail
rPois   .          Reflect  .   (no helmet)
rElec   .          Harm     .   (no cloak)
rCorr   .          Rampage  .   (no gloves)
Will    .....                   f - +2 pair of boots
Stlth   +.........              (no amulet)
HPRegen 0.95/turn               b - +4 ring of protection
MPRegen 0.13/turn               (no ring)

@: confusing by touch, unable to read
A: high MP 1, forlorn, divine attributes, regeneration 1, weak 1, inability to
read while threatened
a: no special abilities


You were on level 4 of the Dungeon.
You visited 1 branch of the dungeon, and saw 4 of its levels.

You collected 88 gold pieces.

Inventory:

Hand Weapons
 a - a +2 whip of holy wrath
 q - a +0 hand crossbow
 w - a +2 flail of protection (weapon)
Missiles
 c - 37 bolts
 h - 5 poisoned darts
Armour
 d - a +1 ring mail (worn)
 f - a +2 pair of boots (worn)
Jewellery
 b - a +4 ring of protection (left hand)
Scrolls
 g - a scroll of silence
Potions
 e - a potion of curing
 i - 2 potions of invisibility {unknown}


   Skills:
 - Level 0.8 Fighting
 * Level 4.9 Crossbows
 - Level 1.7 Dodging
 + Level 2.9 Spellcasting
 + Level 4.1 Hexes


You had 6 spell levels left.
You knew the following spells:

 Your Spells              Type           Power      Damage    Failure   Level
a - Slow                  Hex            56%        N/A       7%          1
b - Confusing Touch       Hex            14%        N/A       21%         3

Your spell library contained the following spells:

 Spells                   Type           Power      Damage    Failure   Level
 Inner Flame              Hex/Fire       8%         N/A       43%         3
 Portal Projectile        Hex/Tloc       16%        N/A       43%         3
 Cause Fear               Hex            7%         N/A       56%         4
 Stone Arrow              Conj/Erth      4%         3d7       75%         3
 Vampiric Draining        Necr           2%         2d6       75%         3
 Animate Armour           Summ/Erth      4%         N/A       98%         4
 Blade Hands              Tmut           1%         N/A       100%        5
 Iron Shot                Conj/Erth      1%         9d1       100%        6
 Lehudib's Crystal Spear  Conj/Erth      1%         10d2      100%        8


Dungeon Overview and Level Annotations

Branches:
Dungeon (4/15)             Temple (0/1) D:4


Innate Abilities, Weirdness & Mutations

You have an increased reservoir of magic. (+10% MP)
You shall have no god before yourself.
Your divine heritage dramatically boosts your attributes as you level up.
Your natural rate of healing is unusually fast.
You are weak. (Str -2)
You sometimes lose the ability to read scrolls when taking damage.


Message History

You shoot a bolt. The bolt hits the endoplasm!
You kill the endoplasm!
c - 41 bolts (gained 1) This spell is dangerous to cast!
Memorise Confusing Touch, consuming 3 spell levels and leaving 6?
You start memorising the spell.
You continue memorising. x3
You finish memorising.
Spell assigned to 'b'.
An ogre comes into view. It is wielding a +0 giant spiked club.
The ogre shouts!
You shoot a bolt. The bolt hits the ogre!
The ogre is heavily wounded.
You shoot a bolt. The bolt hits the ogre.
The ogre is heavily wounded.
You shoot a bolt. The bolt barely misses the ogre.
You shoot a bolt. The bolt hits the ogre!
The ogre is severely wounded.
Casting: Slow (safe; 7% risk of failure)
Confirm with . or Enter, or press ? or * to list all spells.
Your hands begin to glow red.
The ogre hits you with a +0 giant spiked club!!
Casting: Confusing Touch (dangerous; 21% risk of failure)
Confirm with . or Enter, or press ? or * to list all spells.
Your hands begin to glow brighter.
Really attack while wielding your +0 hand crossbow?
Okay, then.
Your +2 flail of protection hums with potential!
w - a +2 flail of protection (weapon)
The ogre completely misses you.
You hit the ogre but do no damage.
The ogre is severely wounded.
The ogre hits you with a +0 giant spiked club!
You feel threatened and lose the ability to read scrolls!
You barely miss the ogre.
The ogre is severely wounded.
The ogre hits you with a +0 giant spiked club!
* * * LOW HITPOINT WARNING * * *
You hit the ogre but do no damage.
The ogre is severely wounded.
The ogre hits you with a +0 giant spiked club.
You die...

##.####### ####...#.....
...... .##......# .(..
.........# ##.(..
#####.#### #.... ###.###
#.#.. #.....## #.#.#
#.#'#..#####.#O#
#.........##.#@#####.#
###..#...##..#.........#
#.....#.#..#.##..#######
#..#..#...)#)#...####
'...##....#.........#
#......>.........##.#
#...#....##...#...# #
#(.#....#..#..#...#
##.#..#.#.....#...#


You could see an ogre.

Vanquished Creatures
  Sigmund (D:3)
  A necrophage (D:4)
  An orc priest (D:3)
  Jessica (D:2)
  Terence (D:2)
  An orc wizard (D:3)
  4 adders
  A worm (D:3)
  3 dart slugs
  5 orcs
  3 ball pythons
  6 endoplasms
  3 giant cockroaches
  3 goblins
  6 hobgoblins
  4 quokkas
  4 bats
  9 frilled lizards
  4 kobolds
  6 rats
67 creatures vanquished.

Vanquished Creatures (others)
  5 plants (D:1)
5 creatures vanquished.

Grand Total: 72 creatures vanquished

Notes
Turn   | Place    | Note
-------+----------+-------------------------------------------
     0 | D:1      | tizbic2 the Demigod Arcane Marksman began the quest for the
                  | Orb.
     0 | D:1      | Reached XP level 1. HP: 15/15 MP: 4/4
   256 | D:1      | Reached XP level 2. HP: 22/22 MP: 4/6
   847 | D:2      | Noticed Jessica
   848 | D:2      | Killed Jessica
   849 | D:2      | Reached XP level 3. HP: 27/27 MP: 7/7
  1351 | D:2      | Gained mutation: You have hidden genetic defects. [potion
                  | of mutation]
  1351 | D:2      | Gained mutation: Your natural rate of healing is unusually
                  | fast. [potion of mutation]
  1517 | D:2      | Reached XP level 4. HP: 34/34 MP: 7/9
  1520 | D:2      | Gained mutation: You sometimes lose the ability to read
                  | scrolls when taking damage. [hidden defects]
  1569 | D:2      | Noticed Terence
  1587 | D:2      | Killed Terence
  1590 | D:2      | Gained mutation: You are weak. (Str -2) [hidden defects]
  1590 | D:2      | Lost mutation: You have hidden genetic defects. [hidden
                  | defects expressed]
  1878 | D:3      | Reached XP level 5. HP: 13/39 MP: 9/11
  2230 | D:3      | Noticed Sigmund
  2239 | D:3      | Killed Sigmund
  2240 | D:3      | Reached XP level 6. HP: 32/46 MP: 13/13
  2806 | D:4      | Found a staircase to the Ecumenical Temple.
  2909 | D:4      | Learned a level 3 spell: Confusing Touch
  2922 | D:4      | Slain by an ogre

Illustrated notes

Levels and vault maps discovered:
D:1:      amcnicky_arrival_abandoned_market, layout_basic, minmay_lizard_king
D:2:      layout_basic, basic_altar, uniq_jessica, uniq_terence
D:3:      layout_basic, basic_ecumenical_altar, uniq_sigmund
D:4:      layout_loops_corners, nicolae_overflow_hallway_of_the_gods,
          minmay_temple_entry_mini_moons

Skill      XL: |  1  2  3  4  5  6 |
---------------+-------------------+-----
Crossbows      | 2 3 4 |  4.9
Hexes          | 3 4 |  4.1
Spellcasting   | 2 |  2.9
Fighting       | |  0.8
Dodging        | |  1.7

Action                   |  1- 3 |  4- 6 || total
-------------------------+-------+-------++-------
Melee: Flail             |       |    45 ||    45
       Punch             |       |     2 ||     2
       Whip              |       |    12 ||    12
 Fire: Hand crossbow     |    73 |    57 ||   130
 Cast: Slow              |    10 |     2 ||    12
       Confusing Touch   |       |     2 ||     2
  Use: Scroll            |     3 |     5 ||     8
       Potion            |     1 |     3 ||     4
Armor: Robe              |     6 |       ||     6
       Ring mail         |     8 |    43 ||    51
Dodge: Dodged            |    21 |    26 ||    47
